 Dungeon Crawl Stone Soup version 0.25-b1-37-g2669288 (webtiles) character file.

Game seed: 14081141086228927888

106 Balder the Skirmisher (level 4, -4/40 HPs)
             Began as a Hill Orc Fighter on June 4, 2020.
             Slain by a gnoll
             ... wielding a +2 spear of chaos
              (6 damage)
             ... on level 2 of the Dungeon.
             The game lasted 00:04:39 (1470 turns).

Balder the Skirmisher (Hill Orc Fighter)            Turns: 1470, Time: 00:04:40

Health: -4/40      AC:  9    Str: 18    XL:     4   Next: 84%
Magic:  1/4        EV:  5    Int:  8    God:
Gold:   54         SH:  9    Dex: 11    Spells: 3/3 levels left

rFire    . . .     SeeInvis .   a - +0 war axe
rCold    . . .     Gourm    .   c - +0 kite shield
rNeg     . . .     Faith    .   i - +0 chain mail
rPois    .         Spirit   .   (no helmet)
rElec    .         Reflect  .   (no cloak)
rCorr    .         Harm     .   (no gloves)
MR       .....                  (no boots)
Stlth    ..........             (no amulet)
HPRegen  0.13/turn              (no ring)
MPRegen  0.09/turn              (no ring)

@: lethally poisoned (-4 -> -12), stab, very slightly contaminated, lightly
drained
A: no striking features
a: no special abilities


You were on level 2 of the Dungeon.
You were not hungry.

You visited 1 branch of the dungeon, and saw 2 of its levels.

You collected 54 gold pieces.

Inventory:

Hand Weapons
 a - a +0 war axe (weapon)
Armour
 c - a +0 kite shield (worn)
 i - a +0 chain mail (worn)
Scrolls
 b - a scroll of remove curse {unknown}
 g - a scroll of identify {unknown}
 j - 3 scrolls of fog {unknown}
 l - a scroll of teleportation {unknown}
 m - a scroll of blinking {unknown}
 n - a scroll of fear {unknown}
 o - a scroll of noise {unknown}
Potions
 e - a potion of stabbing
 h - a potion of haste {unknown}
 k - a potion of curing {unknown}
Comestibles
 d - a chunk of flesh
 f - 2 rations


   Skills:
 * Level 4.2(4.1) Fighting
 * Level 3.8(3.7) Axes
 * Level 0.7(0.6) Throwing
 * Level 3.8(3.6) Armour
 * Level 1.1(1.0) Stealth
 * Level 4.0(3.8) Shields


You had 3 spell levels left.
You didn't know any spells.
Your spell library was empty.

Dungeon Overview and Level Annotations

Branches:
Dungeon (2/15)

Altars:
Yredelemnul


Message History

You block the gnoll's attack.
The helpless gnoll fails to defend itself.
You slash the gnoll!
You kill the gnoll!
The gnoll closely misses you.
The helpless gnoll fails to defend itself.
You hit the gnoll.
The gnoll is heavily wounded.
The gnoll hits you with a +2 spear of chaos.
You are poisoned.
You hit the gnoll.
The gnoll is almost dead.
You feel sick. You block the gnoll's attack.
The gnoll hits you but does no damage. Space warps horribly around you!
* * * LOW HITPOINT WARNING * * *
You flicker back into view.
* * * LOW HITPOINT WARNING * * *
You feel sick.
The gnoll hits you from afar with a +2 spear of chaos.
You die...

..≈#g.
###.. #≈§g
##. #.###
##
####g..####
#
#gg..g....#
#
#g#######.#
## #g# #.#
##. #.# #.#
##.. #@#
#.# ##...
#.#
#.####....
..#
#....'....
##.#
#.####....
#.........#
##...
#.###.#####
##.. #.#
##. #.# #
## .. ##.


You could see 4 gnolls.

Vanquished Creatures
  Terence (D:2)
  2 gnolls (D:2)
  2 adders (D:2)
  An ooze (D:1)
  2 dart slugs
  A leopard gecko (D:1)
  A giant cockroach (D:1)
  5 goblins
  5 hobgoblins
  2 jackals (D:1)
  5 kobolds
  A ball python (D:1)
  5 bats
  2 rats (D:2)
35 creatures vanquished.

Notes
Turn   | Place    | Note
-------+----------+-------------------------------------------
     0 | D:1      | Balder the Hill Orc Fighter began the quest for the Orb.
     0 | D:1      | Reached XP level 1. HP: 19/19 MP: 1/1
    66 | D:1      | Reached XP level 2. HP: 27/27 MP: 2/2
   446 | D:1      | Reached XP level 3. HP: 30/33 MP: 3/3
   891 | D:2      | Noticed Terence
   905 | D:2      | Killed Terence
   905 | D:2      | Reached XP level 4. HP: 37/40 MP: 4/4
   948 | D:2      | Reached skill level 1 in Stealth
  1174 | D:2      | Found a basalt altar of Yredelemnul.
  1470 | D:2      | HP: 2/40 [poisoned by a gnoll]
  1470 | D:2      | Slain by a gnoll

Illustrated notes

Levels and vault maps discovered:
D:1:      evilmike_arrival_rings, layout_loops_ring, kennysheep_small_spiral
D:2:      layout_loops_corners, yredelemnul_altar_generic, tgw_xom,
          uniq_terence, uniq_sigmund

Skill      XL: |  1  2  3  4 |
---------------+-------------+-----
Fighting       | 4 |  4.2
Axes           | 3 |  3.8
Stealth        | 1 |  1.1
Shields        | 4 |  4.0
Throwing       | |  0.7
Armour         | |  3.8

Action                   |  1- 3 |  4- 6 || total
-------------------------+-------+-------++-------
Melee: War axe           |    70 |    64 ||   134
  Use: Potion            |     1 |     1 ||     2
 Stab: Invisible         |       |     2 ||     2
       Sleeping          |       |     2 ||     2
  Eat: Chunk             |       |     2 ||     2
Armor: Chain mail        |    48 |    50 ||    98
       Scale mail        |     1 |       ||     1
Dodge: Dodged            |    15 |    13 ||    28
Block: Kite shield       |    40 |    33 ||    73
